 Dungeon Crawl Stone Soup version 0.31-a0-204-g7da18cac08 (webtiles) character file.

Game seed: 6514977144490384173

53 innerfire43 the Chopper (level 3, -4/29 HPs)
             Began as a Demonspawn Monk on June 27, 2023.
             Was a Believer of Fedhas.
             Frozen to death by an endoplasm (5 damage)
             ... on level 4 of the Dungeon.
             The game lasted 00:01:33 (1446 turns).

innerfire43 the Chopper (Demonspawn Monk)           Turns: 1446, Time: 00:01:34

Health: -4/29      AC:  2    Str: 13    XL:     3   Next: 64%
Magic:  3/3        EV: 13    Int: 11    God:    Fedhas [**....]
Gold:   46         SH:  0    Dex: 15    Spells: 2/2 levels left

rFire   . . .        a - +0 hand axe
rCold   . . .        d - orb {light}
rNeg    . . .        b - +0 robe
rPois   .            (no helmet)
rElec   .            (no cloak)
rCorr   .            (no gloves)
SInv    +            (no boots)
Will    .....        (no amulet)
Stlth   +            m - ring of see invisible
HPRegen 0.24/turn    (no ring)
MPRegen 0.08/turn

%: no passive effects
@: glowing
A: powered by pain 1
a: Renounce Religion, Wall of Briars


You were on level 4 of the Dungeon.
You worshipped Fedhas.
Fedhas was pleased with you.
You visited 1 branch of the dungeon, and saw 3 of its levels.

You collected 46 gold pieces.

Inventory:

Hand Weapons
 a - a +0 hand axe (weapon)
Missiles
 k - 6 boomerangs
Armour
 b - a +0 robe (worn)
 d - an orb of light (worn)
Jewellery
 m - a ring of see invisible (left hand)
Potions
 c - a potion of ambrosia
 e - a potion of attraction {unknown}
 f - a potion of mutation {unknown}
 h - 2 potions of invisibility {unknown}
 i - a potion of curing {unknown}


   Skills:
 + Level 3.4 Fighting
 * Level 3.5 Axes
 + Level 3.1 Dodging


You had 2 spell levels left.
You didn't know any spells.
Your spell library contained the following spells:

 Spells                   Type           Power      Damage    Failure   Level
 Apportation              Tloc           0%         N/A       34%         1
 Alistair's Intoxication  Tmut/Pois      0%         N/A       100%        5


Dungeon Overview and Level Annotations

Branches:
Dungeon (2/15)

Altars:
Fedhas

Annotations:
D:4 Eustachio


Innate Abilities, Weirdness & Mutations

You sometimes gain a little power by taking damage.


Message History

The shadow imp hits you.
You hit the shadow imp but do no damage.
The shadow imp is heavily wounded.
The shadow imp closely misses you. The shadow imp hits you.
You hit the shadow imp.
The shadow imp is severely wounded.
The shadow imp gestures at you. Pain shoots through your body!
* * * LOW HITPOINT WARNING * * *
You focus on the pain.
You feel very mighty all of a sudden.
You hit the shadow imp.
You kill the shadow imp!
Fedhas accepts your kill.
You see here an adder corpse.
You now have 46 gold pieces (gained 11).
You see here an adder corpse.
You feel a little less mighty now.
A phantom and an endoplasm come into view.
You hit the phantom but do no damage. The phantom closely misses you.
You hit the phantom but do no damage. The phantom hits you.
The phantom blinks!
You blink.
A hound comes into view.
The hound barks!
You hit the phantom.
The phantom is lightly damaged.
You hit the hound but do no damage. You hit the endoplasm. The hound bites you.
The endoplasm freezes you.
You are frozen.
The phantom hits you.
You are too injured to fight recklessly!
The phantom attacks as you move away! The phantom hits you.
* * * LOW HITPOINT WARNING * * *
The endoplasm attacks as you move away! The endoplasm barely misses you.
The hound closely misses you. The hound bites you.
* * * LOW HITPOINT WARNING * * *
The hound bites you but does no damage. The endoplasm freezes you.
You are frozen.
You die...
Fedhas appreciates your contribution to the ecosystem.

## ..##
....#
.....#
....#
#...##
#...###
#.@h.###
##.J...###
####.#
##W......##
5@5r..
###......#
####..
##..$.#
##.# #.#
#.# ##.#


You could see a phantom, a hound and an endoplasm.

Vanquished Creatures
  2 adders (D:4)
  A shadow imp (D:4)
  A worm (D:2)
  A bat (D:1)
  3 endoplasms
  2 giant cockroaches (D:1)
  3 hobgoblins
  5 kobolds
  A quokka (D:1)
  3 ball pythons (D:1)
  3 rats (D:1)
25 creatures vanquished.

Notes
Turn   | Place    | Note
-------+----------+-------------------------------------------
     0 | D:1      | innerfire43 the Demonspawn Monk began the quest for the
                  | Orb.
     0 | D:1      | Reached XP level 1. HP: 18/18 MP: 1/1
   184 | D:1      | Gained mutation: You sometimes gain a little power by
                  | taking damage. [demonic ancestry]
   184 | D:1      | Reached XP level 2. HP: 22/23 MP: 2/2
   436 | D:1      | Found a faded altar of an unknown god.
   645 | D:1      | Prayed at the altar of an unknown god.
   645 | D:1      | Became a worshipper of Fedhas Madash
   645 | D:1      | Reached * piety under Fedhas
   645 | D:1      | Reached ** piety under Fedhas
  1209 | D:2      | You fall into a shaft and drop 2 floors!
  1221 | D:4      | Reached XP level 3. HP: 21/29 MP: 3/3
  1292 | D:4      | Noticed Eustachio
  1307 | D:4      | HP: 1/29 [shadow imp/nerve-wracking pain (14)]
  1441 | D:4      | Noticed a phantom
  1445 | D:4      | HP: 1/29 [hound (4)]
  1446 | D:4      | Frozen to death by an endoplasm

Illustrated notes

Levels and vault maps discovered:
D:1:      dpeg_arrival_tiny_a, layout_basic,
          dreamdust_ecumenical_altar_hidden_monk_grotto
D:2:      layout_loops_corners
D:4:      layout_rooms, serial_curves, eino_curves_01, eino_curves_02,
          uniq_robin, uniq_eustachio

Skill      XL: |  1  2 |
---------------+-------+-----
Axes           | 3 |  3.5
Dodging        | 3 |  3.1
Fighting       | |  3.4

Action                     || total
---------------------------++-------
  Melee: Hand axe          ||    68
    Use: Scroll            ||     3
 Armour: Robe              ||    10
  Dodge: Dodged            ||    44

Table legend: (Time is in decaauts)
 A = Elapsed time spent in this place.
 B = Non-inter-level travel time spent in this place.
 C = Inter-level travel time spent in this place.
 D = Time resting spent in this place.
 E = Time spent auto-exploring this place.
 F = Levels seen in this place.
 G = Mean time per level.
                   A        B        C        D        E       F      G
               +--------+--------+--------+--------+--------+-----+--------+
         Total |   1455 |   1333 |    122 |      0 |   1165 |   3 |  485.0 |
       Dungeon |   1455 |   1333 |    122 |      0 |   1165 |   3 |  485.0 |
               +--------+--------+--------+--------+--------+-----+--------+

Top non-repeatable levels by time:
     D:1: 909 daAuts
     D:2: 308 daAuts
     D:4: 238 daAuts
